 Dungeon Crawl Stone Soup version 0.21-a0-508-gf08a75f (webtiles) character file.

116 mortelune the Skirmisher (level 4, -1/37 HPs)
             Began as a Demonspawn Fighter on Nov 28, 2017.
             Killed from afar by Sigmund (7 damage)
             ... with a magic dart
             ... on level 3 of the Dungeon.
             The game lasted 00:05:31 (2087 turns).

mortelune the Skirmisher (Demonspawn Fighter)       Turns: 2087, Time: 00:05:32

Health: -1/37      AC:  9    Str: 18    XL:     4   Next: 70%
Magic:  4/4        EV:  4    Int:  9    God:
Gold:   192        SH:  0    Dex: 12    Spells: 3/3 levels left

rFire    . . .     SeeInvis .   a - +0 flail
rCold    . . .     Gourm    .   c - +0 shield
rNeg     . . .     Faith    .   h - +0 chain mail
rPois    .         Spirit   .   (helmet restricted)
rElec    .         Reflect  .   (no cloak)
rCorr    .         Harm     +   (no gloves)
MR       .....                  (no boots)
Stlth    ..........             g - amulet of harm
HPRegen  0.12/turn              (no ring)
MPRegen  0.09/turn              (no ring)

@: confused
A: antennae 1, hooves 1
a: no special abilities


You were on level 3 of the Dungeon.
You were hungry.

You visited 1 branch of the dungeon, and saw 3 of its levels.

You collected 192 gold pieces.

Inventory:

Hand Weapons
 a - a +0 flail (weapon)
Armour
 b - a +0 scale mail
 c - a +0 shield (worn)
 h - a +0 chain mail (worn)
Jewellery
 g - an amulet of harm (around neck)
Scrolls
 e - a scroll of magic mapping
 i - a scroll of teleportation
 k - a scroll of amnesia {unknown}
Potions
 d - 2 potions of might
 j - a potion of lignification {unknown}
 m - a potion of heal wounds {unknown}
 p - a potion of degeneration {unknown}
 q - a potion of ambrosia {unknown}
Comestibles
 f - a bread ration
 l - a royal jelly
 n - 3 meat rations
 o - 2 fruits


   Skills:
 + Level 3.7 Fighting
 * Level 3.4 Maces & Flails
 + Level 3.3 Armour
 - Level 2.6 Shields


You had 3 spell levels left.
You didn't know any spells.

Dungeon Overview and Level Annotations

Branches:
Dungeon (3/15)

Altars:
The Shining One

Annotations:
D:3 Sigmund


Innate Abilities, Weirdness & Mutations

You have a pair of small antennae on your head.
You have large cloven feet.


Message History

No target in view!
No target in view!
No target in view!
No target in view!
No target in view!
You closely miss something. Something hits you!
You miss something. Something hits you!
You miss something. You kick something. Something hits you but does no damage.
You miss something. Something hits you!
* * * LOW HITPOINT WARNING * * *
You hear some strange, mumbled words.
You are confused.
You hear some strange, mumbled words.
You are more confused.
You bump into the rock wall.
You bump into the rock wall.
You bump into the rock wall.
A magic dart appears from out of thin air!
The magic dart hits you!
You die...

*,**,<,,,**,,,,,,,,,*
*,**,,,,,*###**,,,,,**
,,,,,,,,,,,..,,,,,,,>*
*,**,*##***#.*******,*
*,**,,...###.#### *,*
,,,,,,..........## #.#
***,***#.......{.# #.# ********
*,* #####...#.# #.# *,,,,,,,
***,* #...#@# #.# *,****** ,,,,*
#...#.# #.# *,* ,,,,* #...#.# #.#
*,* ,,,,* #...#.###.# **,******
*+*,* #####..##.# *,,,,,,,, *,*,*
##.##.# *,,,,****
*,*,******#######.##.# *,,,,**,*
,,*,,,,,,,#..........#####.#,,,,*
,********,....###..........#***,*


There were no monsters in sight!

Vanquished Creatures
  A centaur skeleton (D:2)
  An adder (D:2)
  2 oozes
  5 worms
  2 leopard geckos
  3 bats
  4 giant cockroaches
  7 goblins
  9 hobgoblins
  6 jackals (D:2)
  3 kobolds
  A frilled lizard (D:2)
  5 rats
49 creatures vanquished.

Notes
Turn   | Place    | Note
-------+----------+-------------------------------------------
     0 | D:1      | mortelune the Demonspawn Fighter began the quest for the Orb.
     0 | D:1      | Reached XP level 1. HP: 18/18 MP: 1/1
   300 | D:1      | Gained mutation: You have a pair of small antennae on your head. [demonic ancestry]
   300 | D:1      | Reached XP level 2. HP: 24/24 MP: 2/2
   955 | D:2      | Gained mutation: You have large cloven feet. [demonic ancestry]
   955 | D:2      | Reached XP level 3. HP: 22/29 MP: 3/3
  1282 | D:2      | Reached XP level 4. HP: 35/35 MP: 4/4
  1935 | D:2      | Found a glowing golden altar of the Shining One.
  2074 | D:3      | Noticed Sigmund
  2087 | D:3      | Killed from afar by Sigmund

Vault maps used:
D:1:      mainiacjoe_arrival_reflecting_pool, patterned_corridor
D:2:      tso_oasis_becter, minmay_bisected
D:3:      first_bread, uniq_crazy_yiuf_cottage, uniq_jessica, uniq_sigmund,
          uniq_ijyb

Skill      XL: |  1  2  3 |
---------------+----------+-----
Maces & Flails | 2 3 |  3.4
Armour         | 3 |  3.3
Fighting       | |  3.7
Shields        | |  2.6

Action                   |  1- 3 |  4- 6 || total
-------------------------+-------+-------++-------
Melee: Flail             |    79 |    75 ||   154
       Kick              |     9 |    17 ||    26
  Use: Scroll            |       |     2 ||     2
  Eat: Chunk             |     1 |     2 ||     3
Armor: Scale mail        |    27 |       ||    27
       Chain mail        |    16 |    38 ||    54
Dodge: Dodged            |    23 |    14 ||    37
Block: Shield            |    48 |    21 ||    69

Table legend:
 A = Spawn XP
 B = Non-spawn XP
 C = Spawn XP percentage of total XP
 D = Spawn monster count
 E = Non-spawn monster count
 F = Spawn count percentage of total count
 G = Total turns spent on level
                    A         B        C        D         E        F      G
               +---------+---------+-------+---------+---------+-------+---------
         Total |       0 |     167 |   0.0 |       0 |      49 |   0.0 |  2087
               +---------+---------+-------+---------+---------+-------+---------
           D:1 |       0 |      30 |   0.0 |       0 |      14 |   0.0 |   930
           D:2 |       0 |     131 |   0.0 |       0 |      33 |   0.0 |  1109
           D:3 |       0 |       6 |   0.0 |       0 |       2 |   0.0 |    48
               +---------+---------+-------+---------+---------+-------+---------
